Map: Winter's Gate LE

Players

HeRoMaRinE

  • Race: Terran Terran
  • Spawn Location: 5:00

Serral - Winner!

  • Race: Zerg Zerg
  • Spawn Location: 11:00

VOD

Have the link to the VOD?

Description

Time

  • Played on: Sept. 8, 2019, 12:50 p.m.
  • Length: 21:04
Show
View Real Time Build Order
Export as new Build Order

HeRoMaRinE Terran 

Build Orders: Reaper Expand 

Get SALT Encoding   

  12  0:00  SCV  
  13  0:12  SCV  
  14  0:17  Supply Depot  
  14  0:25  SCV  
  15  0:38  SCV  
  15  0:40  Barracks  
  15  0:42  Refinery  
  16  0:50  SCV  
  17  1:02  SCV  
  18  1:14  SCV  
  19  1:27  Orbital Command, Reaper  
  20  1:39  Command Center  
  20  1:48  Supply Depot  
  20  1:52  SCV  
  21  1:58  Marine  
  22  2:04  SCV  
  22  2:07  Factory  
  23  2:09  Refinery  
  23  2:16  Marine, SCV  
  25  2:28  SCV  
  26  2:38  Barracks Reactor  
  26  2:40  SCV  
  29  2:51  Hellion, Starport  
  29  2:53  SCV  
  29  2:57  Orbital Command  
  30  3:05  SCV  
  31  3:17  SCV  
  32  3:20  Barracks Tech Lab  
  32  3:21  Hellion x2  
  32  3:23  SCV  
  37  3:29  SCV  
  37  3:30  Supply Depot, Viking  
  40  3:35  SCV  
  40  3:41  SCV  
  42  3:42  Hellion x2  
  42  3:44  Stimpack  
  46  3:51  Marine  
  46  3:52  SCV  
  46  3:54  SCV  
  46  3:55  Supply Depot  
  49  4:04  SCV  
  49  4:06  SCV  
  51  4:15  Command Center  
  51  4:16  Marine, SCV  
  53  4:21  Supply Depot  
  53  4:22  SCV  
  54  4:26  Factory Tech Lab  
  54  4:28  SCV  
  55  4:32  Barracks  
  55  4:33  Marine  
  55  4:34  SCV  
  55  4:36  Barracks  
  57  4:40  Starport Reactor, SCV  
  58  4:46  SCV  
  58  4:49  Engineering Bay x2  
  58  4:51  Marine  
  58  4:52  SCV  
  61  4:58  SCV, Refinery  
  62  5:02  Siege Tank  
  62  5:04  SCV  
  62  5:05  Supply Depot  
  66  5:09  Marine  
  66  5:10  SCV  
  68  5:15  Refinery  
  68  5:16  SCV  
  68  5:18  Terran Infantry Armor Level 1, Terran Infantry Weapons Level 1  
  68  5:20  Marine  
  70  5:22  Marine  
  70  5:26  Starport Reactor, Combat Shield  
  68  5:28  Orbital Command  
  68  5:30  Marine  
  68  5:33  Marine x2  
  70  5:37  Siege Tank  
  70  5:38  Marine  
  70  5:40  Marine  
  75  5:46  Barracks x2  
  75  5:47  Orbital Command  
  75  5:48  Marine  
  75  5:49  SCV x2  
  78  5:51  Marine  
  79  6:01  SCV x2  
  79  6:03  Marine x2  
  83  6:04  Medivac x2  
  83  6:06  Marine x2  
  83  6:10  Supply Depot  
  89  6:13  SCV x2, Supply Depot  
  89  6:14  SCV  
  89  6:18  Supply Depot  
  92  6:21  Armory  
  92  6:24  Marine x2  
  92  6:25  Marine  
  93  6:32  Marine x2, Siege Tank, SCV x3  
  101  6:34  Barracks Reactor x2  
  101  6:37  Refinery  
  101  6:39  Supply Depot  
  101  6:42  Marine  
  101  6:43  Marine x2  
  101  6:44  SCV x3  
  107  6:49  Marine  
  107  6:50  Supply Depot  
  108  6:56  Marine, SCV x2  
  108  6:59  Medivac x2  
  108  7:00  Marine  
  108  7:01  SCV  
  114  7:08  SCV x2  
  114  7:11  Marine  
  114  7:12  Marine x2  
  114  7:13  Marine x4  
  114  7:14  Marine  
  107  7:18  Marine  
  107  7:21  Terran Infantry Weapons Level 2  
  102  7:23  Factory  
  102  7:27  Supply Depot  
  102  7:29  Marine x2, Factory Reactor  
  102  7:30  Marine  
  102  7:31  Marine x3  
  102  7:32  Marine x2  
  102  7:33  Terran Infantry Armor Level 2  
  102  7:35  Terran Vehicle And Ship Armor Level 1  
  102  7:36  Marine, Supply Depot  
  111  7:45  Medivac x2  
  111  7:47  Marine x2  
  111  7:48  Marine, SCV x2  
  111  7:49  Marine x3  
  123  7:51  Marine x2  
  123  7:54  Marine  
  126  8:05  Marine x2  
  127  8:06  Marine x2  
  127  8:10  Sensor Tower  
  127  8:12  Marine x2  
  131  8:21  Marine x2, Barracks x2, Supply Depot  
  131  8:22  Marine, Drilling Claws  
  131  8:23  Marine x2, Barracks  
  131  8:24  Widow Mine x2  
  131  8:26  Widow Mine  
  142  8:37  Supply Depot  
  142  8:39  Marine x3  
  145  8:44  Command Center  
  145  8:47  Marine x2  
  135  8:54  Marine x2  
  135  8:55  Marine x2  
  124  8:56  Marine, Widow Mine  
  124  8:57  Medivac x2  
  135  9:06  Marine x3  
  135  9:07  Marine  
  139  9:12  Marine  
  140  9:17  Marine x2, Barracks Tech Lab  
  140  9:18  Widow Mine x2, Barracks Tech Lab x2  
  137  9:26  Marine x3  
  137  9:27  Marine  
  141  9:32  Widow Mine  
  141  9:33  Marauder  
  141  9:34  SCV x3  
  141  9:37  Supply Depot  
  141  9:38  Supply Depot, Marauder x3, Concussive Shells  
  154  9:39  Widow Mine x2  
  154  9:42  Terran Infantry Weapons Level 3  
  158  9:49  Marine  
  159  9:53  Widow Mine  
  159  9:54  Marauder  
  159  9:59  Marine x3, Marauder x2  
  165  10:01  Marine x2  
  165  10:02  Medivac x2  
  165  10:03  Terran Infantry Armor Level 3  
  171  10:07  Planetary Fortress  
  171  10:08  Marine x2  
  171  10:13  Marine x2  
  175  10:15  Widow Mine  
  176  10:23  Marauder x2  
  178  10:31  Marine x3, Marauder  
  178  10:35  Marine x2  
  185  10:37  Marine x2  
  185  10:39  Medivac x2  
  185  10:40  Terran Vehicle And Ship Armor Level 2  
  189  10:43  Marine x2  
  189  10:44  Command Center x2  
  191  10:52  Marauder  
  178  10:57  Marine  
  178  10:58  Marine, Marauder  
  178  11:01  Marine x2  
  160  11:09  Marauder, Medivac x2  
  160  11:11  Marine x3, Marauder  
  143  11:14  Starport  
  143  11:15  Widow Mine x3  
  143  11:17  Marine x2  
  155  11:18  Marine, Marauder  
  155  11:19  Marine  
  155  11:20  Marine, Marauder  
  158  11:29  Marine x2  
  158  11:30  Marine  
  158  11:31  Marauder  
  158  11:32  SCV, Marauder  
  164  11:33  SCV x2  
  164  11:34  Marine, SCV  
  164  11:35  Marine  
  164  11:36  Marine, Liberator  
  164  11:37  Marine, Liberator  
  168  11:41  Marauder x2  
  168  11:42  Widow Mine x3  
  178  11:53  Marauder  
  183  11:56  Marauder  
  183  11:57  Orbital Command x2  
  185  12:03  Widow Mine x2  
  171  12:10  Marauder x2  
  171  12:11  Marine x2  
  171  12:12  Marine  
  171  12:13  Marine x2  
  153  12:15  Marine  
  153  12:16  Marine  
  153  12:17  Marine x2, SCV x2  
  153  12:18  SCV x2  
  153  12:19  Marine  
  154  12:23  SCV x2  
  154  12:26  Liberator  
  154  12:27  Starport Reactor  
  154  12:29  Marine x2, SCV  
  160  12:30  Marine, SCV x3  
  160  12:31  Marine  
  160  12:34  Marine x2, Liberator  
  160  12:35  Marine x2, SCV x2  
  169  12:38  Marine, Marauder  
  169  12:41  SCV  
  169  12:42  SCV x2  
  178  12:50  Marauder  
  177  12:53  Orbital Command x2  
  177  12:54  Marauder  
  162  12:59  Marine  
  162  13:00  Marine, Marauder  
  162  13:01  Liberator  
  162  13:02  Marine  
  154  13:06  Marine  
  154  13:07  Marine  
  154  13:08  Marine x2  
  154  13:11  Marauder  
  145  13:14  Marine x2  
  145  13:15  Marauder  
  145  13:17  Marine  
  145  13:18  Marine  
  145  13:19  Marine  
  151  13:21  Marauder  
  151  13:24  Marine  
  151  13:25  Marine x2  
  151  13:26  Marine  
  158  13:32  Marine x2  
  158  13:33  Marauder  
  159  13:35  Marine  
  159  13:36  Marine  
  159  13:38  Marauder  
  159  13:43  Marine  
  159  13:44  Marine  
  159  13:47  Marauder  
  156  13:52  Marine x2  
  156  13:54  Marine x3, Marauder  
  156  13:55  Marine  
  155  13:58  Marine  
  155  14:00  Marauder  
  155  14:01  Marine  
  159  14:04  Marine  
  159  14:08  Marine  
  159  14:09  Marine  
  160  14:10  Marine  
  160  14:15  Liberator, Marauder  
  161  14:33  Marine x2, Marauder  
  161  14:34  Marine  
  161  14:35  Marauder  
  161  14:37  Marauder  
  157  14:38  Marine  
  119  14:55  Marauder  
  119  14:57  Marauder, Medivac  
  119  14:58  Marauder  
  119  14:59  Marine x3  
  125  15:01  Marine x3  
  125  15:02  Marine  
  129  15:07  Marine  
  124  15:16  Marine x2, Marauder  
  124  15:18  Marine x2, Marauder  
  124  15:19  Marine x2  
  124  15:20  Marine, Marauder  
  117  15:26  Marine  
  117  15:27  Marine  
  113  15:34  Marine  
  108  15:41  SCV x5  
  110  15:46  Marine  
  108  15:53  SCV x2  
  108  16:05  Marauder  
  108  16:07  Marauder  
  112  16:13  Marine x2, Marauder  
  116  16:26  Marauder  
  116  16:27  Marine x2  
  116  16:28  Marauder  
  119  16:34  Marauder  
  119  16:37  Marine  
  98  16:41  Marine x2  
  98  16:46  Marine x2  
  89  16:47  Marine  
  89  16:48  Marauder  
  89  16:50  SCV, Marauder  
  89  16:53  Marine x2  
  91  16:55  Marauder  
  89  17:02  Marine x2  
  89  17:04  Marine  
  89  17:05  Marine  
  89  17:07  Marine  
  94  17:09  Marauder  
  94  17:11  Marauder  
  94  17:15  Marine x2  
  100  17:16  Marine  
  100  17:17  Marauder  
  100  17:19  Marine  
  98  17:30  Marauder  
  98  17:32  Marine x2  
  98  17:33  Marine x3, Marauder  
  98  17:34  Marine x3  
  98  17:37  Marine  
  98  17:38  Marauder  
  98  17:42  Orbital Command  
  101  17:49  Marine  
  101  17:50  Marine  
  101  17:51  Marine x2  
  92  17:52  Marauder  
  92  17:53  Marine  
  92  17:54  Marauder  
  91  18:00  Marauder  
  91  18:04  Marine x2  
  95  18:11  SCV, Orbital Command  
  96  18:13  Marauder  
  96  18:14  Marine  
  96  18:15  Marauder  
  96  18:16  Marine  
  96  18:17  Liberator  
  102  18:21  Marauder  
  102  18:23  Orbital Command  
  102  18:26  Marine x2  
  105  18:35  SCV, Marauder  
  105  18:37  Marauder  
  113  18:42  SCV x2, Marauder  
  113  18:43  SCV  
  111  18:48  SCV  
  111  18:49  SCV  
  111  18:54  SCV  
  111  18:55  SCV  
  105  18:57  SCV  
  105  19:00  SCV  
  109  19:02  Marauder  
  109  19:16  Marauder x2  
  85  19:18  Marine  
  85  19:19  Marine  
  85  19:20  SCV  
  85  19:23  SCV  
  89  19:26  SCV x2  
  89  19:27  SCV  
  90  19:32  Marine x2  
  90  19:33  SCV  
  90  19:34  Marine x3  
  90  19:35  Marine, SCV  
  98  19:39  SCV x2  
  98  19:40  SCV  
  98  19:45  Marine x2, SCV  
  104  19:52  SCV x2  
  104  19:56  SCV  
  104  19:57  SCV  
  105  20:03  Bunker  
  105  20:05  Marine x2  
  106  20:07  Marine x2  
  106  20:08  Marine x2  
  106  20:12  Marine, Marauder  
  106  20:13  SCV  
  114  20:15  SCV  
  114  20:17  Marine, SCV  
  119  20:21  Marauder  
  119  20:24  Marine  
  119  20:25  Orbital Command  
  119  20:26  SCV x2  
  113  20:29  Marauder  
  113  20:31  Marine x2  
  113  20:33  Marine x2  
  99  20:38  Marine, Marauder  
Show
View Real Time Build Order
Export as new Build Order

Serral Zerg - Winner!

Build Orders: Pool First 

Get SALT Encoding   

  12  0:00  Drone  
  13  0:12  Overlord  
  13  0:16  Drone  
  14  0:30  Drone  
  14  0:31  Drone  
  14  0:34  Drone  
  17  0:44  Extractor  
  17  0:45  Drone  
  17  0:50  Spawning Pool  
  17  0:55  Drone  
  17  1:07  Drone  
  18  1:18  Hatchery  
  17  1:24  Drone  
  18  1:36  Queen  
  18  1:37  Zergling x2  
  21  1:40  Zergling x2  
  21  1:45  Metabolic Boost  
  22  1:52  Overlord  
  22  2:11  Drone x2  
  22  2:12  Queen  
  26  2:21  Drone  
  27  2:29  Queen  
  27  2:32  Drone  
  27  2:33  Drone  
  31  2:42  Drone  
  31  2:47  Zergling x2  
  31  2:48  Drone  
  31  2:49  Pneumatized Carapace, Drone x2  
  35  2:54  Overlord  
  35  3:08  Hatchery  
  34  3:13  Drone x2  
  34  3:15  Drone  
  37  3:21  Drone x2  
  37  3:25  Overlord  
  37  3:26  Drone  
  40  3:29  Zergling x2  
  40  3:33  Queen  
  43  3:43  Overlord  
  43  3:47  Overlord  
  43  3:48  Zergling x2  
  44  3:49  Drone x3  
  44  3:50  Drone  
  44  3:54  Zergling x2  
  49  3:55  Drone  
  49  3:56  Drone  
  49  4:01  Overlord  
  51  4:03  Zergling x2  
  52  4:10  Queen  
  52  4:12  Zergling x4  
  56  4:18  Baneling Nest  
  56  4:21  Queen  
  56  4:22  Drone  
  56  4:23  Drone x2  
  60  4:29  Drone x2  
  62  4:34  Zergling x2  
  62  4:35  Overlord, Drone x2  
  65  4:40  Drone  
  65  4:41  Drone  
  65  4:42  Lair  
  65  4:44  Drone x2  
  65  4:45  Drone  
  70  4:50  Drone  
  70  4:52  Drone  
  72  4:56  Drone  
  72  4:59  Extractor  
  72  5:00  Extractor, Drone  
  72  5:03  Overlord  
  72  5:04  Overlord  
  72  5:06  Drone  
  73  5:08  Overlord  
  73  5:12  Overlord  
  73  5:14  Drone, Evolution Chamber x2  
  72  5:16  Drone  
  72  5:19  Overlord  
  72  5:21  Queen  
  75  5:23  Drone  
  78  5:28  Drone x3  
  78  5:29  Drone  
  78  5:34  Overlord  
  78  5:35  Drone x4  
  83  5:37  Extractor  
  83  5:39  Centrifical Hooks  
  83  5:43  Drone  
  83  5:44  Zergling x2  
  83  5:45  Zergling x6  
  88  5:50  Zerg Ground Armor Level 1  
  88  5:51  Overlord  
  88  5:54  Zergling x4  
  90  6:02  Overlord, Zerg Melee Weapons Level 1  
  90  6:03  Drone  
  91  6:08  Baneling  
  91  6:09  Baneling x6  
  91  6:11  Hatchery, Drone x4  
  92  6:12  Drone x2  
  92  6:14  Overseer  
  92  6:15  Zergling x2  
  97  6:23  Zergling x6  
  100  6:28  Infestation Pit  
  100  6:29  Drone  
  100  6:31  Baneling x2  
  100  6:33  Zergling x8  
  100  6:34  Spore Crawler  
  100  6:39  Baneling x3  
  103  6:40  Baneling x2  
  103  6:46  Hatchery  
  102  6:48  Zergling x8  
  102  6:53  Drone x3  
  102  6:54  Drone  
  110  6:57  Drone  
  110  7:00  Baneling x3  
  110  7:01  Baneling x3  
  107  7:10  Zergling x2  
  107  7:11  Zergling x20  
  107  7:14  Hive  
  106  7:20  Drone  
  106  7:21  Drone x2  
  109  7:26  Queen, Drone x3  
  114  7:33  Zergling x2  
  115  7:37  Hatchery  
  115  7:38  Spore Crawler  
  115  7:41  Drone x2  
  115  7:43  Zergling x4  
  117  7:47  Zerg Ground Armor Level 2  
  117  7:50  Zergling x20  
  127  7:53  Extractor  
  124  7:59  Drone x2  
  124  8:00  Drone x2  
  124  8:03  Queen  
  129  8:08  Zergling x2  
  129  8:09  Zergling x10  
  133  8:15  Drone x9  
  133  8:16  Zerg Melee Weapons Level 2, Baneling x9  
  142  8:21  Baneling  
  142  8:22  Baneling x5  
  142  8:25  Overlord  
  141  8:32  Extractor  
  141  8:33  Drone  
  141  8:34  Ultralisk Cavern  
  141  8:35  Overlord x3  
  141  8:37  Drone  
  141  8:39  Overlord  
  140  8:44  Drone x2  
  140  8:48  Zergling x18, Adrenal Glands  
  148  8:51  Zergling x4  
  145  8:55  Zergling x4  
  145  9:00  Queen  
  145  9:02  Spore Crawler  
  147  9:03  Drone  
  147  9:04  Baneling x4  
  147  9:06  Zergling x24  
  160  9:10  Overseer  
  160  9:11  Zergling x2  
  160  9:12  Zergling x6  
  160  9:16  Baneling x7  
  163  9:20  Hatchery  
  155  9:25  Chitinous Plating  
  155  9:26  Zergling x14  
  155  9:31  Drone x3, Extractor  
  161  9:32  Drone  
  161  9:36  Zergling x24, Spire  
  175  9:39  Burrow  
  175  9:48  Overlord x2  
  173  9:57  Queen  
  173  9:59  Queen  
  171  10:07  Baneling x3  
  171  10:11  Extractor  
  171  10:12  Zergling x4, Ultralisk  
  171  10:13  Zergling x36  
  194  10:28  Zergling x18, Zerg Ground Armor Level 3  
  200  10:36  Hatchery  
  200  10:38  Baneling x5  
  200  10:40  Queen  
  187  10:44  Anabolic Synthesis  
  187  10:47  Ultralisk x2  
  187  10:48  Overseer  
  184  10:58  Zergling x20  
  184  10:59  Zergling x8  
  184  11:02  Zergling x34  
  195  11:09  Zergling x6  
  179  11:13  Zerg Flyer Weapons Level 1  
  179  11:14  Overseer x2  
  179  11:18  Zerg Melee Weapons Level 3  
  177  11:21  Zergling x18, Ultralisk  
  189  11:32  Baneling x8  
  189  11:33  Baneling x8  
  186  11:41  Overlord x2  
  186  11:44  Extractor  
  169  11:48  Drone x3  
  169  11:50  Zergling x28  
  169  11:53  Zergling x2  
  169  11:54  Zergling x8  
  190  11:57  Hatchery  
  187  12:05  Zergling x6  
  187  12:06  Zergling x16  
  184  12:11  Zergling x10, Ultralisk  
  184  12:12  Baneling x2  
  184  12:13  Baneling  
  184  12:15  Zergling x8  
  187  12:18  Overseer  
  187  12:21  Drone x3  
  190  12:29  Zergling x2, Drone x2  
  191  12:30  Zergling x14  
  191  12:31  Nydus Network  
  191  12:33  Baneling x9  
  191  12:34  Overseer  
  193  12:37  Baneling x7  
  193  12:38  Drone  
  193  12:49  Zergling x24  
  175  12:58  Zergling x22  
  175  12:59  Zergling x10  
  157  13:06  Zergling x10  
  157  13:10  Baneling x11  
  154  13:19  Ultralisk x2  
  165  13:20  Nydus Canal  
  165  13:21  Baneling x3  
  165  13:22  Overseer  
  165  13:33  Zergling x20, Ultralisk  
  165  13:34  Zergling x4  
  177  13:43  Zergling x2  
  177  13:44  Zergling x8  
  170  13:52  Zergling x24, Ultralisk  
  162  13:59  Zergling x4, Ultralisk  
  164  14:03  Baneling x8  
  145  14:13  Baneling x7  
  142  14:26  Drone x3  
  142  14:27  Baneling x5  
  142  14:30  Zergling x24  
  140  14:39  Zergling x2  
  140  14:40  Zergling x4  
  140  14:44  Corruptor x4  
  111  14:53  Zergling x2  
  111  14:54  Zergling x8  
  111  14:55  Baneling x11  
  115  15:06  Zergling x10  
  113  15:17  Zergling x6  
  100  15:24  Zergling x4  
  100  15:25  Zergling x2  
  88  15:35  Baneling x5  
  88  15:38  Zergling x4, Ultralisk x2  
  94  15:43  Baneling x5  
  94  15:49  Drone x22  
  88  15:59  Zergling x14, Ultralisk  
  101  16:08  Baneling x4  
  101  16:19  Zergling x8  
  104  16:26  Hatchery, Baneling x3  
  104  16:27  Baneling x2  
  100  16:37  Zergling x14  
  96  16:41  Zergling x2  
  96  16:42  Zergling x4  
  84  16:48  Swarm Host  
  84  16:58  Baneling x4  
  84  16:59  Zergling x2, Ultralisk x2  
  84  17:00  Zergling x8  
  101  17:09  Zergling x6  
  104  17:18  Zergling x10  
  107  17:28  Zergling x10  
  108  17:32  Zergling x4  
  88  17:45  Zergling x14, Ultralisk  
  93  17:52  Zergling x4, Ultralisk  
  99  18:00  Baneling x6  
  99  18:02  Zergling x10  
  99  18:03  Drone x2  
  99  18:04  Drone  
  101  18:14  Zergling x12  
  93  18:32  Zergling x10, Ultralisk  
  104  18:39  Zergling x8  
  108  18:42  Baneling x2  
  108  18:43  Baneling x2  
  102  18:55  Zergling x14  
  103  19:01  Baneling  
  103  19:02  Baneling x6  
  100  19:12  Zergling x14  
  90  19:25  Zergling x8  
  98  19:31  Baneling x8  
  98  19:37  Hatchery  
  93  19:39  Zergling x4  
  93  19:43  Baneling x4  
  95  19:51  Zergling x12  
  97  20:00  Baneling x2  
  97  20:01  Baneling x5  
  97  20:04  Zergling x2  
  97  20:05  Zergling x8  
  102  20:15  Zergling x12  
  100  20:31  Zergling x14  
  100  20:32  Zergling x4  
  94  20:37  Zergling x8  
Tags
 
Add a new tag
Caveats
  • Supply blocks, unpowered buildings, or Contaminate may cause inaccurate times.
  • Supply counts are checked every 10 seconds.